 Dungeon Crawl Stone Soup version 0.27-b1-42-g19c61b19a5 (webtiles) character file.

Game seed: 3010376987612059418

80 DildoBatman the Conjurer (level 4, -8/30 HPs)
             Began as a Formicid Conjurer on July 28, 2021.
             Mangled by a wandering mushroom (15 damage)
             ... created by the enmity of Fedhas Madash
             ... on level 2 of the Dungeon.
             The game lasted 00:08:25 (2249 turns).

DildoBatman the Conjurer (Formicid Conjurer)        Turns: 2249, Time: 00:08:25

Health: -8/30      AC:  2    Str: 11    XL:     4   Next: 65%
Magic:  7/7        EV: 12    Int: 18    God:
Gold:   44         SH:  0    Dex: 10    Spells: 2/7 levels left

rFire    . . .     SeeInvis +   g - +0 short sword
rCold    . . .     Faith    .   (no shield)
rNeg     . . .     Spirit   .   i - +0 robe
rPois    .         Reflect  .   (helmet unavailable)
rElec    .         Harm     .   (no cloak)
rCorr    +         Rampage  .   (no gloves)
Will     .....                  (no boots)
Stlth    +.........             (no amulet)
HPRegen  0.10/turn              l - ring of resist corrosion
MPRegen  0.10/turn              (no ring)

@: confused
A: permanent stasis, dig shafts and tunnels, antennae 3, four strong arms
a: Dig, Shaft Self


You were on level 2 of the Dungeon.
You visited 1 branch of the dungeon, and saw 2 of its levels.

You collected 44 gold pieces.

Inventory:

Hand Weapons
 a - a +0 hunting sling
 b - a +0 dagger
 g - a +0 short sword (weapon)
Missiles
 f - 53 stones
Armour
 i - a +0 robe (worn)
Magical Staves
 n - a staff of fire
Jewellery
 l - a ring of resist corrosion (left hand)
Scrolls
 c - a scroll of fear {unknown}
 e - 2 scrolls of amnesia {unknown}
 j - a scroll of holy word {unknown}
 k - 2 scrolls of noise {unknown}
 m - a scroll of teleportation {unknown}
Potions
 d - a potion of ambrosia {unknown}
 h - a potion of mutation {unknown}
 o - a potion of haste {unknown}
 p - a potion of cancellation {unknown}


   Skills:
 - Level 1.7 Dodging
 - Level 2.4 Stealth
 - Level 2.1 Spellcasting
 * Level 5.2 Conjurations


You had 2 spell levels left.
You knew the following spells:

 Your Spells              Type           Power      Damage    Failure   Level
a - Searing Ray           Conj           40%        3d4       3%          2
c - Magic Dart            Conj           80%        1d7       1%          1
z - Sublimation of Blood  Necr           0%         N/A       26%         2

Your spell library contained the following spells:

 Spells                   Type           Power      Damage    Failure   Level
 Wereblood                Tmut           1%         N/A       26%         2
 Dazzling Flash           Conj/Hex       22%        N/A       19%         3
 Fulminant Prism          Conj/Hex       5%         3d7       52%         4
 Iskenderun's Mystic Bla  Conj/Tloc      11%        2d4       52%         4
 Summon Hydra             Summ           0%         N/A       100%        7


Dungeon Overview and Level Annotations

Branches:
Dungeon (2/15)

Altars:
Fedhas
Uskayaw

Annotations:
D:2 exclusion: 3 oklob plants


Innate Abilities, Weirdness & Mutations

You cannot be hasted, slowed, berserked, paralysed or teleported.
You can dig through walls and to a lower floor.
You have a pair of large antennae on your head. (SInv)
Your four strong arms can wield two-handed weapons with a shield.


Message History

You shout for attention!
What are your orders? t - Shout!
Orders for allies: a - Attack new target. r - Retreat! s - Stop attacking. g - Guard the area. f - Follow me.
Anything else - Cancel.
You shout for attention!
What are your orders? t - Shout!
Orders for allies: a - Attack new target. r - Retreat! s - Stop attacking. g - Guard the area. f - Follow me.
Anything else - Cancel.
You shout for attention!
What are your orders? t - Shout!
Orders for allies: a - Attack new target. r - Retreat! s - Stop attacking. g - Guard the area. f - Follow me.
Anything else - Cancel.
You shout for attention!
What are your orders? t - Shout!
Orders for allies: a - Attack new target. r - Retreat! s - Stop attacking. g - Guard the area. f - Follow me.
Anything else - Cancel.
You shout for attention!
A wandering mushroom comes into view.
The wandering mushroom releases spores at you.
You are engulfed in a cloud of spores!
You are confused.
You bump into the rock wall.
The wandering mushroom releases spores at you!!
Ouch! That really hurt!
You are engulfed in a cloud of spores!
The wandering mushroom releases spores at you!
Ouch! That really hurt!
You die...

................#####...#######
#######.............<...#
#..........###.#.##
##..........# #.#.#
#...........# #.#.#
#...........# #.#.#
#...........# #.#.#
#.#########.###.#.#
#..........@..#.#.#
###########f#.#.# #.....#.#
#P#####.# #.#.###.# #..#.##.#
#.......# #########


You could see a wandering mushroom.

Vanquished Creatures
  An adder (D:2)
  A worm (D:1)
  3 dart slugs (D:1)
  3 endoplasms
  2 giant cockroaches
  3 goblins (D:1)
  4 hobgoblins (D:1)
  18 jackals
  4 kobolds
  4 quokkas
  5 ball pythons
  2 bats
  2 rats (D:2)
52 creatures vanquished.

Notes
Turn   | Place    | Note
-------+----------+-------------------------------------------
     0 | D:1      | DildoBatman the Formicid Conjurer began the quest for the
                  | Orb.
     0 | D:1      | Reached XP level 1. HP: 13/13 MP: 3/3
   327 | D:1      | Reached skill level 4 in Conjurations
   327 | D:1      | Reached XP level 2. HP: 19/19 MP: 3/5
   330 | D:1      | Learned a level 2 spell: Searing Ray
   541 | D:1      | Reached XP level 3. HP: 22/24 MP: 1/6
  1233 | D:1      | Found a faded altar of an unknown god.
  1237 | D:1      | Reached XP level 4. HP: 29/30 MP: 3/7
  1252 | D:1      | Became a worshipper of Fedhas Madash
  1252 | D:1      | Reached * piety under Fedhas
  1253 | D:1      | Fell from the grace of Fedhas
  1353 | D:2      | Found a hide-covered altar of Uskayaw.
  1434 | D:1      | Reached skill level 5 in Conjurations
  1501 | D:2      | Noticed an oklob plant
  1501 | D:2      | Noticed an oklob plant
  1826 | D:2      | Learned a level 2 spell: Sublimation of Blood
  2203 | D:2      | Noticed an oklob plant
  2247 | D:2      | Noticed a wandering mushroom
  2249 | D:2      | Mangled by a wandering mushroom

Illustrated notes

Levels and vault maps discovered:
D:1:      erik_arrival_triangle_medium, layout_basic,
          ebering_ecumenical_altar_sacrificial
D:2:      layout_basic, basic_altar

Skill      XL: |  1  2  3  4 |
---------------+-------------+-----
Conjurations   | 4 5 |  5.2
Dodging        | |  1.7
Stealth        | |  2.4
Spellcasting   | |  2.1

Action                   |  1- 3 |  4- 6 || total
-------------------------+-------+-------++-------
Melee: Unarmed           |    10 |       ||    10
       Dagger            |     8 |       ||     8
       Short sword       |     9 |       ||     9
 Cast: Magic Dart        |    29 |    14 ||    43
       Searing Ray       |    14 |    10 ||    24
Invok: Renounce Religion |       |     1 ||     1
 Abil: Dig               |     7 |     5 ||    12
 Stab: Sleeping          |     1 |       ||     1
Armor: Robe              |     5 |     2 ||     7
Dodge: Dodged            |    37 |     2 ||    39
